 Dungeon Crawl Stone Soup version 0.18.1-48-g4cf74bf (webtiles) character file.

1918 WarriorsX the Covered (level 9, -13/68 HPs)
             Began as a Human Fighter on July 30, 2016.
             Killed from afar by Erica (24 damage)
             ... with a bolt of poison
             ... on level 8 of the Dungeon.
             The game lasted 00:25:33 (7433 turns).

WarriorsX the Covered (Human Fighter)               Turns: 7433, Time: 00:25:34

Health: -13/68     AC: 16    Str: 20    XL:     9   Next: 39%
Magic:  9/9        EV:  8    Int:  9    God:
Gold:   237        SH: 11    Dex: 12    Spells: 0 memorised, 8 levels left

rFire  . . .     SeeInvis .     v - -2 long sword (curse)
rCold  . . .     Gourm    .     I - +0 scale mail (curse)
rNeg   . . .     Faith    .     c - +1 shield
rPois  .         Spirit   .     r - +0 helmet
rElec  .         Dismiss  .     (no cloak)
rCorr  .         Reflect  .     n - +0 pair of gloves
SustAt .         Harm     .     B - +1 pair of boots
MR     .....                    (no amulet)
Stlth  +.........               y - +3 ring of protection
                                w - ring of stealth (curse)

@: lethally poisoned (-13 -> -26), very slightly contaminated, starving, slowed,
very slow, not resistant to hostile enchantments, very unstealthy
A: no striking features
a: no special abilities


You were on level 8 of the Dungeon.
You were starving.

You visited 1 branch of the dungeon, and saw 8 of its levels.

You collected 237 gold pieces.

Inventory:

Hand Weapons
 a - a +1 long sword
 v - a cursed -2 long sword (weapon)
Armour
 c - a +1 shield (worn)
 n - a +0 pair of gloves (worn)
 r - a +0 helmet (worn)
 u - a +0 pair of boots
 B - a +1 pair of boots (worn)
 I - a cursed +0 scale mail (worn)
Jewellery
 h - an uncursed ring of magical power
 w - a cursed ring of stealth (left hand)
 y - a +3 ring of protection (right hand)
 D - an uncursed ring of flight
 E - a +3 ring of intelligence {unknown}
Wands
 b - a wand of heal wounds (0/9)
 q - a wand of lightning (0/15)
 A - a wand of polymorph (5/24)
 F - a wand of lightning (1/15)
Scrolls
 i - 2 scrolls of blinking
 j - 2 scrolls of immolation
 p - 5 scrolls of enchant armour
 t - 6 scrolls of identify
 x - 5 scrolls of fear
 H - a scroll of amnesia
Potions
 d - 2 potions of might
 e - a potion of ambrosia
 l - 2 potions of brilliance
 m - 5 potions of curing
 C - a potion of flight
 G - a potion of cancellation
 J - a potion of haste
Comestibles
 f - 7 bread rations
 g - 2 beef jerkies
 k - 2 fruits
 o - 3 slices of pizza
 s - a royal jelly
 z - a meat ration


   Skills:
 - Level 5.0 Fighting
 - Level 6.0 Long Blades
 + Level 7.5 Armour
 + Level 6.9 Shields
 + Level 0.6 Evocations


You had 8 spell levels left.
You didn't know any spells.

Dungeon Overview and Level Annotations

Branches:
Dungeon (8/15)             Temple (0/1) D:6
   Lair: D:8-11

Altars:
Ashenzari
Kikubaaqudgha
Okawaru
Trog
Yredelemnul

Annotations:
D:4 1 runed door
D:8 Erica


Message History

* * * LOW HITPOINT WARNING * * *
The centaur shoots an arrow.
The orc wizard hits you but does no damage.
Evoke which item? (* to show all) (? for menu, Esc to quit)
Zapping:
b - a wand of heal wounds {zapped: 5} (will waste charges)
Press: ? - help, Shift-Dir - straight line, f - you Nothing appears to happen.
The orc wizard hits you but does no damage.
The centaur shoots an arrow.
Something hits you.
* * * LOW HITPOINT WARNING * * *
Something burns you.
* * * LOW HITPOINT WARNING * * *
You block the orc wizard's attack.
The centaur shoots an arrow.
You block the arrow.
You feel sick. You block the orc wizard's attack.
You hear some strange, mumbled words.
A bolt of poison appears from out of thin air!
The bolt of poison hits you!
You are lethally poisoned!
You die...

#..o#........
..o
#...#.........
..
#.<.#.........
.
#...#.........
#...#.........
#...#.........
#..c#.........
#.oZ{o........
#...#(@.......
#...#.........
..#######......
...# #...## ...
..... .. ....
.## ..


You could see a centaur, an orc wizard, an orc and a worker ant zombie.

Vanquished Creatures
  A spriggan (D:7)
  A hell hound (D:6)
  An orc warrior (D:6)
  A sky beast (D:7)
  A phantom (D:4)
  An ogre (D:6)
  2 giant frogs (D:6)
  A scorpion (D:6)
  2 killer bees (D:8)
  2 howler monkeys
  A crimson imp (D:5)
  A giant frog zombie (D:6)
  2 hounds (D:4)
  A centaur skeleton (D:4)
  A jelly (D:7)
  5 orc wizards
  A giant frog skeleton (D:6)
  5 iguanas
  Terence (D:2)
  4 worker ants
  A killer bee zombie (D:7)
  A hound zombie (D:7)
  Robin (D:3)
  A worker ant zombie (D:7)
  9 adders
  3 oozes
  An adder zombie (D:7)
  2 adder skeletons (D:6)
  6 worms
  A dart slug (D:1)
  4 giant geckos
  27 orcs
  8 giant cockroaches
  14 goblins
  16 hobgoblins
  6 jackals
  6 quokkas
  3 ball pythons
  2 bats
  9 giant newts
  15 kobolds
  A kobold zombie (D:4)
  2 quokka skeletons
  8 rats
182 creatures vanquished.

Vanquished Creatures (others)
  A fungus (D:2)
  A plant (D:2)
2 creatures vanquished.

Grand Total: 184 creatures vanquished

Notes
Turn   | Place    | Note
--------------------------------------------------------------
     0 | D:1      | WarriorsX the Human Fighter began the quest for the Orb.
     0 | D:1      | Reached XP level 1. HP: 18/18 MP: 1/1
    22 | D:1      | Reached XP level 2. HP: 24/24 MP: 2/2
   273 | D:1      | Reached XP level 3. HP: 28/30 MP: 3/3
   838 | D:2      | Gained mutation: You possess an exceptional clarity of mind. [potion of mutation]
   838 | D:2      | Gained mutation: Your system is resistant to poisons. [potion of mutation]
   838 | D:2      | Gained mutation: You have a pair of small horns on your head. [potion of mutation]
   938 | D:2      | Noticed Terence
   952 | D:2      | Reached XP level 4. HP: 33/37 MP: 4/4
   960 | D:2      | Killed Terence
  1170 | D:2      | Found a faded altar to an unknown god.
  1180 | D:2      | Reached XP level 5. HP: 40/43 MP: 5/5
  1284 | D:2      | Found an iron altar of Okawaru.
  1516 | D:2      | Found a shattered altar of Ashenzari.
  1520 | D:2      | Saw a vision of the Swamp and the Snake Pit.
  1520 | D:2      | Noticed a naga warrior
  1520 | D:2      | Noticed a naga
  1520 | D:2      | Noticed an anaconda
  1520 | D:2      | Noticed an alligator
  1520 | D:2      | Noticed a naga
  1520 | D:2      | Noticed a black mamba
  1521 | D:2      | Noticed a salamander
  1521 | D:2      | Noticed a naga mage
  1522 | D:2      | Noticed a naga ritualist
  1523 | D:2      | Noticed a salamander
  1524 | D:2      | Noticed a naga mage
  1907 | D:3      | Noticed Robin
  1943 | D:3      | Killed Robin
  2469 | D:3      | Reached XP level 6. HP: 50/50 MP: 6/6
  2706 | D:3      | Reached skill level 5 in Fighting
  3018 | D:4      | Reached skill level 5 in Long Blades
  3114 | D:4      | Noticed a phantom
  3148 | D:4      | Killed a phantom
  3148 | D:4      | Reached XP level 7. HP: 37/56 MP: 7/7
  3442 | D:4      | Found a runed door.
  3442 | D:4      | Noticed a human
  3455 | D:4      | Found a basalt altar of Yredelemnul.
  3521 | D:4      | Lost mutation: You have a pair of small horns on your head. [potion of cure mutation]
  3521 | D:4      | Lost mutation: Your system is resistant to poisons. [potion of cure mutation]
  3521 | D:4      | Lost mutation: You possess an exceptional clarity of mind. [potion of cure mutation]
  3803 | D:5      | Entered Level 5 of the Dungeon
  4015 | D:5      | Found an ancient bone altar of Kikubaaqudgha.
  4061 | D:5      | Reached skill level 4 in Armour
  4700 | D:6      | Found a staircase to the Ecumenical Temple.
  4888 | D:6      | Reached XP level 8. HP: 62/62 MP: 8/8
  4939 | D:6      | Found a bloodstained altar of Trog.
  5063 | D:6      | Reached skill level 5 in Armour
  5812 | D:7      | Noticed a spriggan baker
  5855 | D:7      | Killed a spriggan baker
  5855 | D:7      | Reached skill level 6 in Armour
  5855 | D:7      | Reached skill level 5 in Shields
  6310 | D:7      | Reached XP level 9. HP: 44/68 MP: 9/9
  6370 | D:7      | Noticed Prince Ribbit
  6404 | D:6      | Noticed Prince Ribbit
  6404 | D:6      | Prince Ribbit changed into Prince Ribbit the hell hound
  6425 | D:6      | Killed Prince Ribbit the hell hound
  6614 | D:7      | Reached skill level 7 in Armour
  7221 | D:6      | HP: 3/68 [orc warrior/hand axe (11)]
  7417 | D:8      | Noticed Erica
  7433 | D:8      | Killed from afar by Erica

Skill      XL: |  1  2  3  4  5  6  7  8  9 |
---------------+----------------------------+-----
Fighting       | 4 5 |  5.0
Long Blades    | 3 4 5 6 |  6.0
Armour         | 4 6 7 |  7.5
Shields        | 4 5 6 |  6.9
Evocations     | |  0.6

Action                   |  1- 3 |  4- 6 |  7- 9 || total
-------------------------+-------+-------+-------++-------
Melee: Long sword        |   102 |   202 |   505 ||   809
       Headbutt          |     1 |    31 |     5 ||    37
Evoke: Wand              |       |       |    11 ||    11
  Use: Potion            |     6 |       |     8 ||    14
       Scroll            |     6 |       |     7 ||    13
  Eat: Chunk             |       |     8 |    13 ||    21
Armor: Scale mail        |    40 |    74 |   268 ||   382
Dodge: Dodged            |    28 |    48 |   160 ||   236
Block: Shield            |    51 |    94 |   315 ||   460
